 Dungeon Crawl Stone Soup version 0.28-a0-983-g1de4e0787c (webtiles) character file.

Game seed: 11971059866841170864

12 tatocazan the Skirmisher (level 2, 21/21 HPs)
             Began as a Demonspawn Fighter on Dec 3, 2021.
             Was a Follower of Hepliaklqana.
             Got out of the dungeon alive.
             The game lasted 00:00:26 (497 turns).

tatocazan the Skirmisher (Demonspawn Fighter)        Turns: 497, Time: 00:00:27

Health: 21/21      AC:  6    Str: 16    XL:     2   Next: 20%
Magic:  2/2        EV:  9    Int:  9    God:    Hepliaklqana [*.....]
Gold:   31         SH:  4    Dex: 12    Spells: 1/1 levels left

rFire   . . .      SeeInvis .   a - +0 war axe
rCold   . . .      Faith    .   c - +0 buckler
rNeg    . . .      Spirit   .   b - +0 scale mail
rPois   .          Reflect  .   (helmet restricted)
rElec   .          Harm     .   (no cloak)
rCorr   .          Rampage  .   (no gloves)
Will    .....                   (no boots)
Stlth   ..........              (no amulet)
HPRegen 0.07/turn               (no ring)
MPRegen 0.08/turn               (no ring)

@: no status effects
A: reduced essence, horns 1
a: Renounce Religion, Recall Ancestor, Ancestor Identity


You escaped.
You worshipped Hepliaklqana.
Hepliaklqana was aware of your devotion.
You visited 1 branch of the dungeon, and saw 1 of its levels.

You collected 31 gold pieces.

Inventory:

Hand Weapons
 a - a +0 war axe (weapon)
Armour
 b - a +0 scale mail (worn)
 c - a +0 buckler (worn)
Potions
 d - a potion of might


   Skills:
 + Level 3.1 Fighting
 + Level 2.0 Axes
 + Level 2.8 Armour
 + Level 2.9 Shields


You had one spell level left.
You didn't know any spells.
Your spell library was empty.

Dungeon Overview and Level Annotations

Branches:
Dungeon (1/15)

Altars:
Hepliaklqana


Innate Abilities, Weirdness & Mutations

Your life essence is reduced to manifest your ancestor. (-10% HP)
You have a pair of small horns on your head.


Message History

You hit the ball python.
You kill the ball python!
No target in view!
No target in view!
No target in view!
No target in view!
No target in view!
No target in view!
No target in view!
No target in view!
No target in view!
No target in view!
No target in view!
No target in view!
No target in view!
No target in view!
No target in view!
No target in view!
There is a faded altar of an unknown god here.
You cannot tell which god this altar belongs to.
Convert to them anyway?
Okay, then.
Unknown command.
Press < or > to pray at altars.
You cannot tell which god this altar belongs to.
Convert to them anyway?
Okay, then.
You cannot tell which god this altar belongs to.
Convert to them anyway?
Hepliaklqana accepts your prayer! Hepliaklqana welcomes you!
Hepliaklqana forms a fragment of your life essence into the memory of your ancestor, Chitauli!
You can now recall your ancestor.
You can now remember your ancestor's identity.
You take 3 damage, and have 21/21 hp.
Found a long sword.
You see here 7 bolts.
There is an open door here.
There is a large open door here.
There is an open door here.
There is a staircase leading out of the dungeon here.
Are you sure you want to leave the Dungeon?
This will make you lose the game!
You have escaped!

....... #.#.#
#.########.#.#
#..........#.#
#≈.≈#+#'#..#.#
# #...#♣.#.#
#.♣.#♣.#.#
#...#♣8#..
####''####
#.@#...#
#..R.###
######


You could see the friendly Chitauli the ancestor.

Vanquished Creatures
  A bat (D:1)
  An endoplasm (D:1)
  A goblin (D:1)
  2 hobgoblins (D:1)
  3 ball pythons (D:1)
  2 kobolds (D:1)
  A rat (D:1)
11 creatures vanquished.

Notes
Turn   | Place    | Note
-------+----------+-------------------------------------------
     0 | D:1      | tatocazan the Demonspawn Fighter began the quest for the
                  | Orb.
     0 | D:1      | Reached XP level 1. HP: 18/18 MP: 1/1
    89 | D:1      | Found a faded altar of an unknown god.
   121 | D:1      | Gained mutation: You have a pair of small horns on your
                  | head. [demonic ancestry]
   121 | D:1      | Reached XP level 2. HP: 14/24 MP: 2/2
   467 | D:1      | Prayed at the altar of an unknown god.
   467 | D:1      | Became a worshipper of Hepliaklqana the Forgotten
   467 | D:1      | Reached * piety under Hepliaklqana
   497 | D:$      | Got out of the dungeon alive.

Illustrated notes

Levels and vault maps discovered:
D:1:      sevenhm_arrival_forest_fort_small_3, layout_basic,
          serial_co_window_serial, co_window_paths_a,
          co_window_of_opportunity_a, co_window_paths_a,
          co_window_of_opportunity_a, co_window_corner_a, co_window_paths_a,
          co_window_corner_a, co_window_2corner, co_window_cross_2,
          co_window_broadway_c, co_window_broadway_c, co_window_corner_b,
          co_window_of_opportunity_c, co_window_2corner, glass_columns_c,
          glass_columns_c, glass_columns_b, glass_columns_b,
          nicolae_ecumenical_snake_handling, chequers_serial_rivers_micro_d

Skill      XL: |  1 |
---------------+----+-----
Axes           | 2 |  2.0
Fighting       | |  3.1
Armour         | |  2.8
Shields        | |  2.9

Action                   || total
-------------------------++-------
Melee: War axe           ||    21
       Headbutt          ||     1
Armor: Scale mail        ||    19
Dodge: Dodged            ||     9
Block: Buckler           ||     6

Table legend: (Time is in decaauts)
 A = Elapsed time spent in this place.
 B = Non-inter-level travel time spent in this place.
 C = Inter-level travel time spent in this place.
 D = Time resting spent in this place.
 E = Time spent auto-exploring this place.
 F = Levels seen in this place.
 G = Mean time per level.
                   A        B        C        D        E       F      G
               +--------+--------+--------+--------+--------+-----+--------+
         Total |    506 |    478 |     28 |    223 |    197 |   1 |  506.0 |
       Dungeon |    506 |    478 |     28 |    223 |    197 |   1 |  506.0 |
               +--------+--------+--------+--------+--------+-----+--------+

Top non-repeatable levels by time:
     D:1: 506 daAuts
